 Dungeon Crawl Stone Soup version 0.20.1-1-g8b1a95d (console) character file.

106 hilaritas the Chopper (level 4, 0/28 HPs)
             Began as a Gargoyle Gladiator on Nov 19, 2017.
             Slain by PipsiMox's ghost (10 damage)
             ... on level 3 of the Dungeon.
             The game lasted 00:03:31 (2095 turns).

hilaritas the Chopper (Gargoyle Gladiator)          Turns: 2095, Time: 00:03:31

Health: 0/28       AC:  7    Str: 19    XL:     4   Next: 84%
Magic:  4/4        EV: 12    Int:  8    God:
Gold:   32         SH:  0    Dex: 11    Spells: 3/3 levels left

rFire    . . .     SeeInvis .   a - +0 war axe
rCold    . . .     Gourm    .   (no shield)
rNeg     + . .     Faith    .   b - +0 leather armour
rPois    ∞         Spirit   .   c - +0 helmet
rElec    +         Reflect  .   (no cloak)
rCorr    .         Harm     .   (no gloves)
MR       .....                  (no boots)
Stlth    +.........             (no amulet)
Regen    0.1/turn               (no ring)
MPRegen  0.1/turn               (no ring)

@: no status effects
A: negative energy resistance 1, electricity resistance, unbreathing,
petrification resistance, rot immunity, AC +3
a: no special abilities


You were on level 3 of the Dungeon.
You were not hungry.

You visited 1 branch of the dungeon, and saw 3 of its levels.

You collected 32 gold pieces.

Inventory:

Hand Weapons
 a - a +0 war axe (weapon)
 m - a +1 whip of freezing
Missiles
 d - 3 throwing nets (quivered)
 j - 8 silver javelins
Armour
 b - a +0 leather armour (worn)
 c - a +0 helmet (worn)
Scrolls
 e - 2 scrolls of teleportation {unknown}
 i - 2 scrolls of remove curse {unknown}
 k - 2 scrolls of immolation {unknown}
Potions
 n - a potion of mutation {unknown}
 o - 2 potions of flight {unknown}
Comestibles
 f - 2 bread rations
 g - 3 fruits
 h - a meat ration


   Skills:
 + Level 3.2 Fighting
 * Level 4.4 Axes
 - Level 1.7 Throwing
 - Level 2.4 Dodging


You had 3 spell levels left.
You didn't know any spells.

Dungeon Overview and Level Annotations

Branches:
Dungeon (3/15)

Altars:

Annotations:
D:3 PipsiMox's ghost, amateur CeWn


Innate Abilities, Weirdness & Mutations

You are resistant to torment.
Your stone body is resilient. (AC +3)
You are immune to poison.
You resist negative energy. (rN+)
You are resistant to electric shocks. (rElec)
You can survive without breathing.
You are immune to petrification.
You are immune to rotting.


Message History

PipsiMox's ghost hits you but does no damage.
You closely miss PipsiMox's ghost. PipsiMox's ghost misses you.
You hit PipsiMox's ghost.
PipsiMox's ghost is lightly damaged.
PipsiMox's ghost hits you!
PipsiMox's ghost hits you but does no damage.
Okay, then.
You slash PipsiMox's ghost!
PipsiMox's ghost is moderately damaged.
PipsiMox's ghost hits you but does no damage.
You hit PipsiMox's ghost.
PipsiMox's ghost is heavily damaged.
PipsiMox's ghost barely misses you.
You barely miss PipsiMox's ghost.
PipsiMox's ghost is heavily damaged.
PipsiMox's ghost barely misses you.
You hit PipsiMox's ghost.
PipsiMox's ghost is heavily damaged.
PipsiMox's ghost hits you! x2
You die...

...# .#
######..###.###
..$....$.......
$.............#
...........(..#
..............#
..............#
...<...<......#
.......W......#
.......@......#
.......†......#
..............#
..............#
...............
......(.......#
..............#
...........>...


You could see PipsiMox's ghost.

Vanquished Creatures
  5 adders (D:2)
  2 worms
  4 dart slugs
  A leopard gecko (D:2)
  4 bats (D:1)
  4 giant cockroaches
  5 goblins
  5 hobgoblins (D:1)
  2 jackals (D:2)
  9 kobolds
  3 frilled lizards (D:1)
  5 rats
49 creatures vanquished.

Notes
Turn   | Place    | Note
-------+----------+-------------------------------------------
     0 | D:1      | hilaritas the Gargoyle Gladiator began the quest for the Orb.
     0 | D:1      | Reached XP level 1. HP: 12/12 MP: 1/1
   163 | D:1      | Reached XP level 2. HP: 17/18 MP: 2/2
   232 | D:1      | Reached skill level 3 in Axes
   469 | D:1      | Reached XP level 3. HP: 22/22 MP: 3/3
  1412 | D:2      | Reached XP level 4. HP: 25/28 MP: 4/4
  1506 | D:2      | Reached skill level 4 in Axes
  2084 | D:3      | Noticed PipsiMox's ghost (amateur CeWn)
  2095 | D:3      | Slain by PipsiMox's ghost

Skill      XL: |  1  2  3  4 |
---------------+-------------+-----
Axes           | 3 4 |  4.4
Fighting       | 3 |  3.2
Throwing       | |  1.7
Dodging        | |  2.4

Action                   |  1- 3 |  4- 6 || total
-------------------------+-------+-------++-------
Melee: War axe           |   115 |    74 ||   189
  Eat: Chunk             |     1 |     3 ||     4
Armor: Leather armour    |    71 |    36 ||   107
Dodge: Dodged            |    83 |    58 ||   141
